 Dungeon Crawl Stone Soup version 0.29-a0-284-gf9362112df (webtiles) character file.

Game seed: 13043654365297523264

247 siradein the Caller (level 5, -1/42 HPs)
             Began as a Draconian Summoner on Mar 31, 2022.
             Slain by Duvessa
             ... wielding a +0 rapier
              (10 damage)
             ... on level 4 of the Dungeon.
             The game lasted 00:07:10 (2742 turns).

siradein the Caller (Draconian Summoner)            Turns: 2742, Time: 00:07:11

Health: -1/42      AC: 10    Str: 11    XL:     5   Next: 85%
Magic:  5/9        EV: 12    Int: 17    God:
Gold:   120        SH:  5    Dex: 11    Spells: 4/10 levels left

rFire   . . .      SeeInvis .   n - +0 trident (venom)
rCold   . . .      Faith    .   (no shield)
rNeg    . . .      Spirit   .   (body armour unavailable)
rPois   .          Reflect  +   (helmet restricted)
rElec   .          Harm     .   (no cloak)
rCorr   .          Rampage  .   (no gloves)
Will    .....                   o - +0 pair of boots
Stlth   ++........              k - amulet of reflection
HPRegen 0.14/turn               i - +4 ring of protection
MPRegen 0.11/turn               j - +4 ring of slaying

@: no status effects
A: AC +5, unfitting armour, cold-blooded
a: no special abilities


You were on level 4 of the Dungeon.
You visited 1 branch of the dungeon, and saw 4 of its levels.

You collected 120 gold pieces.

Inventory:

Hand Weapons
 n - a +0 trident of venom (weapon)
Missiles
 p - 2 datura-tipped darts
Armour
 o - a +0 pair of boots (worn)
Jewellery
 i - a +4 ring of protection (left hand)
 j - a +4 ring of slaying (right hand)
 k - an amulet of reflection (around neck)
 l - a ring of willpower
Scrolls
 d - 2 scrolls of amnesia {unknown}
 e - a scroll of blinking {unknown}
 f - a scroll of identify {unknown}
 g - a scroll of acquirement {unknown}
 h - 2 scrolls of noise {unknown}
Potions
 a - 2 potions of magic
 b - 2 potions of degeneration {unknown}
 c - 2 potions of curing {unknown}
 m - a potion of cancellation {unknown}


   Skills:
 + Level 2.5 Fighting
 + Level 2.9 Dodging
 - Level 1.7 Stealth
 + Level 3.0 Spellcasting
 * Level 5.4 Summonings


You had 4 spell levels left.
You knew the following spells:

 Your Spells              Type           Power      Damage    Failure   Level
a - Call Imp              Summ           21%        N/A       2%          2
b - Call Canine Familiar  Summ           21%        N/A       5%          3
c - Summon Small Mammal   Summ           84%        N/A       1%          1

Your spell library contained the following spells:

 Spells                   Type           Power      Damage    Failure   Level
 Summon Guardian Golem    Hex/Summ       11%        N/A       17%         3
 Summon Lightning Spire   Summ/Air       11%        N/A       50%         4
 Storm Form               Tmut/Air       1%         N/A       100%        7
 Maxwell's Capacitive Co  Air            1%         ∞         100%        8


Dungeon Overview and Level Annotations

Branches:
Dungeon (4/15)
 Temple: D:4-7

Altars:
Okawaru

Annotations:
D:4 Duvessa


Innate Abilities, Weirdness & Mutations

Your plain brown scales are hard. (AC +5)
You cannot fit into any form of body armour.
You are cold-blooded and may be slowed by cold attacks.


Message History

You swap places.
Your hound bites Duvessa but does no damage.
Duvessa closely misses your white imp.
Your white imp closely misses Duvessa.
Your hound barely misses Duvessa.
Unknown command.
Reach: n) +0 trident (venom)
Press: ? - help, Dir - move target, f - Duvessa
Aim: Duvessa, wielding a +0 rapier and wearing a +3 leather armour of willpower (heavily wounded, berserk, not watching you, very poisoned, ally target, about 36% to evade your +0 trident of venom)
You reach to attack!
You closely miss Duvessa.
Duvessa is heavily wounded.
Duvessa hits your hound with a +0 rapier!
Your hound dies!
Your hound's corpse disappears in a puff of smoke!
Your white imp hits Duvessa but does no damage.
Unknown command.
You hit Duvessa but do no damage.
Duvessa looks as sick as possible!
Duvessa is heavily wounded.
Duvessa closely misses you.
Your white imp hits Duvessa but does no damage.
Duvessa hits you with a +0 rapier!
Your white imp hits Duvessa.
Your white imp freezes Duvessa.
Unknown command.
Duvessa hits you with a +0 rapier!
* * * LOW HITPOINT WARNING * * *
You barely miss Duvessa.
Duvessa is severely wounded.
Duvessa barely misses you.
Your white imp closely misses Duvessa.
You block Duvessa's attack.
You closely miss Duvessa.
Duvessa is almost dead.
Duvessa hits you with a +0 rapier.
* * * LOW HITPOINT WARNING * * *
Your white imp completely misses Duvessa.
You block Duvessa's attack.
Unknown command.
You hit Duvessa.
Duvessa looks as sick as possible!
Duvessa is almost dead.
Your white imp hits Duvessa but does no damage.
Duvessa hits you with a +0 rapier!
You die...

#.##. .. ...
.... .. ..# #..
.##.# #.# .#.
.....# #†# ...
#.#..# #.# #.#
#.#..# #)## #.#
#.#..###?.#.###
#.#
#.#..@e5........
#.#
#.#.#####.######
##.# #.#.# .#
...### #####.#.#
.. .....#
#.......# .##
####.# #.###.###
.# #.###.###.###
.# #............
#####.#######


You could see Duvessa (berserk, extremely poisoned, ally target) and a friendly
white imp (summoned).

Vanquished Creatures
  Dowan (D:4)
  An orc priest (D:3)
  An iguana (D:4)
  An orc wizard (D:3)
  2 adders
  3 gnolls (D:3)
  A worm (D:2)
  A dart slug (D:1)
  9 orcs
  3 endoplasms
  A giant cockroach (D:3)
  2 hobgoblins
  4 jackals (D:2)
  4 kobolds
  2 ball pythons
  4 bats
  4 goblins
  5 rats
49 creatures vanquished.

Vanquished Creatures (collateral kills)
  An orc (D:3)
  A ball python (D:4)
  2 bats
  2 endoplasms
  A hobgoblin (D:3)
  A frilled lizard (D:2)
  2 kobolds
10 creatures vanquished.

Grand Total: 59 creatures vanquished

Notes
Turn   | Place    | Note
-------+----------+-------------------------------------------
     0 | D:1      | siradein the Draconian Summoner began the quest for the
                  | Orb.
     0 | D:1      | Reached XP level 1. HP: 14/14 MP: 3/3
   147 | D:1      | Found a faded altar of an unknown god.
   349 | D:1      | Reached XP level 2. HP: 21/22 MP: 3/5
   357 | D:1      | Learned a level 2 spell: Call Imp
   877 | D:2      | Reached skill level 1 in Fighting
   941 | D:2      | Found an iron altar of Okawaru.
  1021 | D:2      | Reached XP level 3. HP: 28/28 MP: 3/6
  1034 | D:2      | Learned a level 3 spell: Call Canine Familiar
  1692 | D:3      | Reached XP level 4. HP: 18/35 MP: 5/7
  2071 | D:3      | Identified the +4 dagger "Pauzoet" {antimagic, +Blink rN+++
                  | rCorr Stlth-}
  2184 | D:3      | Reached skill level 5 in Summonings
  2325 | D:3      | Reached XP level 5. HP: 39/41 MP: 7/9
  2724 | D:4      | Noticed Dowan
  2726 | D:4      | Noticed Duvessa
  2735 | D:4      | Killed Dowan
  2742 | D:4      | Slain by Duvessa

Illustrated notes

Levels and vault maps discovered:
D:1:      minmay_arrival_four_circles, layout_basic,
          hellmonk_ecumenical_altar_crossroads
D:2:      layout_rooms, basic_altar, roderic_lattice_a
D:3:      layout_loops_ring, corexii_leaking_fountain, serial_bayou_pond_e
D:4:      layout_loops_ring, lightli_sewer_entry_pipes, hangedman_decor_lopped,
          moated_statue, uniq_duvessa, uniq_grinder

Skill      XL: |  1  2  3  4  5 |
---------------+----------------+-----
Dodging        | 2 |  2.9
Fighting       | 1 2 |  2.5
Summonings     | 5 |  5.4
Spellcasting   | 3 |  3.0
Stealth        | |  1.7

Action                   |  1- 3 |  4- 6 || total
-------------------------+-------+-------++-------
Melee: Whip              |    46 |       ||    46
       Tailslap          |     7 |     7 ||    14
       Trident           |    27 |    52 ||    79
 Cast: Summon Small Mamm |     5 |       ||     5
       Call Imp          |    14 |     8 ||    22
       Call Canine Famil |       |     3 ||     3
 Stab: Sleeping          |     4 |     1 ||     5
Armor: Skin              |    17 |    27 ||    44
Dodge: Dodged            |    44 |    24 ||    68
Block: Other             |     8 |     9 ||    17

Table legend: (Time is in decaauts)
 A = Elapsed time spent in this place.
 B = Non-inter-level travel time spent in this place.
 C = Inter-level travel time spent in this place.
 D = Time resting spent in this place.
 E = Time spent auto-exploring this place.
 F = Levels seen in this place.
 G = Mean time per level.
                   A        B        C        D        E       F      G
               +--------+--------+--------+--------+--------+-----+--------+
         Total |   2770 |   2700 |     70 |      0 |   2224 |   4 |  692.5 |
       Dungeon |   2770 |   2700 |     70 |      0 |   2224 |   4 |  692.5 |
               +--------+--------+--------+--------+--------+-----+--------+

Top non-repeatable levels by time:
     D:3: 969 daAuts
     D:2: 850 daAuts
     D:1: 810 daAuts
     D:4: 140 daAuts
